Map: Deathaura LE

Players

Nina

  • Race: Protoss Protoss
  • League: Grandmaster
  • Spawn Location: 5:00

Neeb - Winner!

  • Race: Protoss Protoss
  • League: Master
  • Spawn Location: 11:00

Event: DreamHack SC2 Masters 2020 Fall

VOD

Have the link to the VOD?

Description

Time

  • Played on: Sept. 9, 2020, 5:27 p.m.
  • Length: 12:51

All games in this series

Show
View Real Time Build Order
Export as new Build Order

Nina Protoss 

Build Orders: Proxy Void Ray 

Get SALT Encoding   

  12  0:00  Probe (Chrono Boost)  
  13  0:09  Probe (Chrono Boost)  
  14  0:19  Pylon  
  14  0:21  Probe  
  15  0:37  Forge, Probe  
  16  0:49  Probe  
  17  0:58  Pylon  
  17  0:59  Pylon  
  17  1:09  Pylon  
  16  1:19  Photon Cannon  
  16  1:22  Gateway  
  16  1:24  Probe  
  17  1:33  Photon Cannon  
  17  1:36  Probe  
  18  1:42  Assimilator  
  18  1:48  Probe  
  18  1:53  Assimilator  
  19  2:00  Probe  
  20  2:10  Cybernetics Core  
  20  2:13  Probe  
  20  2:14  Zealot (Chrono Boost)  
  23  2:25  Probe  
  23  2:38  Probe  
  24  2:48  Stargate  
  24  2:50  Shield Battery, Adept (Chrono Boost)  
  27  3:02  Shield Battery  
  26  3:06  Pylon  
  26  3:09  Probe  
  27  3:17  Adept (Chrono Boost)  
  28  3:23  Pylon  
  28  3:28  Void Ray (Chrono Boost)  
  32  3:48  Shield Battery  
  32  3:58  Void Ray (Chrono Boost)  
  32  4:01  Probe  
  31  4:08  Shield Battery  
  33  4:17  Shield Battery  
  33  4:29  Photon Cannon  
  33  4:32  Void Ray (Chrono Boost)  
  37  4:49  Pylon  
  37  4:56  Stargate  
  37  5:04  Shield Battery  
  37  5:08  Void Ray (Chrono Boost)  
  37  5:13  Photon Cannon  
  41  5:26  Shield Battery  
  41  5:38  Photon Cannon  
  41  5:45  Void Ray  
  41  6:02  Void Ray (Chrono Boost)  
  41  6:06  Shield Battery  
  45  6:13  Photon Cannon  
  45  6:20  Pylon  
  45  6:28  Pylon  
  45  6:39  Void Ray (Chrono Boost)  
  49  6:47  Shield Battery  
  49  6:56  Photon Cannon  
  49  7:05  Shield Battery  
  49  7:11  Void Ray (Chrono Boost)  
  49  7:15  Shield Battery  
  53  7:35  Photon Cannon  
  53  7:41  Photon Cannon  
  53  7:46  Void Ray  
  45  8:14  Shield Battery  
  45  8:22  Void Ray (Chrono Boost)  
  49  8:38  Nexus  
  49  8:53  Void Ray (Chrono Boost)  
  49  9:00  Pylon  
  53  9:14  Pylon  
  53  9:32  Photon Cannon  
  53  9:41  Pylon  
  57  10:02  Stargate  
  49  10:25  Photon Cannon  
  49  10:27  Probe  
  50  10:36  Stargate  
  50  10:38  Void Ray (Chrono Boost)  
  50  10:42  Shield Battery  
  50  10:44  Photon Cannon  
  54  10:55  Photon Cannon  
  54  10:56  Shield Battery  
  50  11:14  Void Ray (Chrono Boost)  
  26  11:20  Void Ray (Chrono Boost)  
  34  11:30  Photon Cannon  
  34  11:42  Shield Battery  
  34  11:47  Pylon  
  34  11:50  Void Ray (Chrono Boost)  
  34  11:59  Void Ray  
  42  12:25  Assimilator  
  42  12:27  Assimilator, Pylon  
Show
View Real Time Build Order
Export as new Build Order

Neeb Protoss - Winner!

Build Orders:  

Get SALT Encoding   

  12  0:00  Probe  
  13  0:12  Probe  
  14  0:17  Pylon  
  14  0:24  Probe (Chrono Boost)  
  15  0:36  Probe (Chrono Boost)  
  15  0:37  Gateway  
  16  0:45  Assimilator, Probe (Chrono Boost)  
  17  0:51  Probe  
  17  0:53  Assimilator  
  18  1:04  Forge  
  18  1:07  Probe  
  19  1:27  Cybernetics Core  
  21  1:35  Pylon  
  21  1:41  Photon Cannon  
  21  1:46  Pylon  
  19  1:56  Photon Cannon  
  19  2:00  Probe  
  20  2:07  Stalker (Chrono Boost)  
  20  2:14  Probe  
  23  2:25  Stargate  
  23  2:30  Probe  
  24  2:41  Shield Battery  
  24  2:42  Probe  
  25  2:54  Probe  
  25  2:57  Cybernetics Core  
  26  3:02  Void Ray (Chrono Boost)  
  30  3:18  Pylon  
  30  3:33  Pylon  
  30  3:36  Void Ray (Chrono Boost)  
  34  3:50  Probe  
  34  3:56  Stargate  
  34  4:02  Probe  
  34  4:07  Shield Battery  
  34  4:08  Shield Battery, Void Ray (Chrono Boost)  
  34  4:18  Probe  
  39  4:33  Shield Battery  
  39  4:35  Shield Battery  
  39  4:40  Void Ray  
  43  5:07  Void Ray  
  43  5:10  Pylon  
  43  5:12  Pylon  
  47  5:17  Shield Battery  
  46  5:43  Void Ray  
  42  6:01  Shield Battery  
  42  6:03  Void Ray  
  46  6:19  Pylon  
  46  6:31  Void Ray  
  50  6:44  Probe  
  51  6:50  Pylon  
  51  6:56  Probe  
  51  6:59  Void Ray  
  52  7:02  Shield Battery  
  52  7:04  Shield Battery x2  
  56  7:09  Pylon  
  56  7:15  Probe  
  57  7:28  Void Ray  
  57  7:37  Shield Battery  
  61  7:39  Shield Battery  
  61  7:44  Probe  
  62  7:56  Probe  
  63  8:04  Void Ray (Chrono Boost)  
  53  8:18  Gateway  
  54  8:20  Void Ray (Chrono Boost)  
  54  8:21  Gateway  
  56  8:47  Probe  
  57  8:51  Void Ray  
  61  9:18  Void Ray  
  65  9:33  Probe  
  66  9:45  Probe  
  67  9:47  Zealot x2, Void Ray  
  75  10:17  Void Ray (Chrono Boost)  
  79  10:22  Zealot x2  
  83  10:30  Pylon  
  83  10:40  Void Ray (Chrono Boost)  
  75  11:11  Void Ray  
  61  11:36  Void Ray  
  63  12:08  Void Ray (Chrono Boost)  

Tags
 
Add a new tag
Caveats
  • Supply blocks, unpowered buildings, or Contaminate may cause inaccurate times.
  • Supply counts are checked every 10 seconds.